 Dungeon Sprint DCSS version 0.25-b1-37-g2669288c55 (webtiles) character file.

Game seed: 10711240148131171431

459 Chiseanne the Fighter (level 6, -3/60 HPs)
             Began as a Demonspawn Wanderer on June 4, 2020.
             Was an Initiate of Fedhas.
             Slain by Sonja
             ... wielding a +2 short sword of distortion
              (5 damage)
             ... in the Dungeon (Sprint I: "Red Sonja").
             The game lasted 00:02:46 (669 turns).

Chiseanne the Fighter (Demonspawn Wanderer)          Turns: 669, Time: 00:02:46

Health: -3/60      AC:  6    Str: 13    XL:     6   Next: 78%
Magic:  0/6        EV: 16    Int: 16    God:    Fedhas [......]
Gold:   55         SH:  0    Dex: 11    Spells: 4/5 levels left

rFire    . . .     SeeInvis .   a - +2 falchion
rCold    . . .     Gourm    .   (no shield)
rNeg     . . .     Faith    .   i - +0 leather armour
rPois    .         Spirit   +   (helmet restricted)
rElec    .         Reflect  .   (no cloak)
rCorr    .         Harm     .   (no gloves)
MR       .....     NoTele   +   (no boots)
Stlth    +.........             (no amulet)
HPRegen  0.20/turn              (no ring)
MPRegen  0.10/turn              (no ring)

@: no status effects
A: horns 1, slimy green scales 2, magic shield
a: Renounce Religion


You were in the Dungeon.
You worshipped Fedhas.
Fedhas was noncommittal.
You were not hungry.

You visited 1 branch You collected 297 gold pieces.
You spent 242 gold pieces at shops.

Inventory:

Hand Weapons
 a - a +2 falchion (weapon)
Armour
 i - a +0 leather armour (worn)
Scrolls
 c - a scroll of teleportation
 l - a scroll of blinking
Potions
 h - a potion of lignification
 j - 2 potions of magic
 k - a potion of ambrosia
Comestibles
 f - a ration


   Skills:
 - Level 10.2 Fighting
 - Level 1.7 Long Blades
 * Level 9.4 Dodging
 - Level 1.7 Stealth
   Level 1.0 Shields
   Level 4.5 Ice Magic
 * Level 0.0 Invocations


You had 4 spell levels left.
You knew the following spells:

 Your Spells              Type           Power        Failure   Level  Hunger
a - Foxfire               Conj/Fire      #...         32%         1    ##.....

Your spell library contained the following spells:

 Spells                   Type           Power        Failure   Level  Hunger
 Inner Flame              Hex/Fire       #.......     67%         3    ####...


Dungeon Overview and Level Annotations

Branches:
Dungeon (1/1)

Altars:
Cheibriados
Dithmenos
Elyvilon
Fedhas
Gozag
Hepliaklqana
Kikubaaqudgha
Nemelex Xobeh
Okawaru
Qazlal
Ru
Sif Muna
Trog
Uskayaw
Vehumet
Wu Jian
Yredelemnul
Zin
The Shining One

Shops:
D !

Annotations:
D Sonja


Innate Abilities, Weirdness & Mutations

You have a pair of small horns on your head.
You are mostly covered in slimy green scales. (AC +3)
When hurt, damage is shared between your health and your magic reserves.


Message History

Space bends around you.
* * * LOW HITPOINT WARNING * * *
Sonja closely misses you.
Sonja hits you with a +2 short sword of distortion.
* * * LOW HITPOINT WARNING * * *
Space bends around you.
* * * LOW HITPOINT WARNING * * *
Sonja hits you but does no damage. Space bends around you.
* * * LOW HITPOINT WARNING * * *
Sonja hits you with a +2 short sword of distortion.
* * * LOW HITPOINT WARNING * * *
You aren't carrying any items that you can evoke.
Unknown command.
You hit Sonja.
Sonja is heavily wounded.
You feel yourself speed up. Sonja closely misses you. Sonja misses you.
Sonja hits you with a +2 short sword of distortion.
You die...
Fedhas appreciates your contribution to the ecosystem.

################
#<.#.)').#..'..#
#..').#..').#..+
#..#####'#####'#
#..####..#...#(#
#..#__####..##[#
#..#_____##'#_.+
#⌠⌠#_.∩...'K@._#
####_(.__##_.#'#
#_____###'#)#
####### #.###
$.$ $.$ ##.##
#+#


You could see Sonja (misshapen).

Vanquished Creatures
  Sigmund (D)
  A yak (D)
  An ogre (D)
  A jelly (D)
  Ijyb (D)
5 creatures vanquished.

Notes
Turn   | Place    | Note
-------+----------+-------------------------------------------
     0 | D        | Chiseanne the Demonspawn Wanderer began the quest for the
                  | Orb.
     0 | D        | Chiseanne set off with the following items: a +2 falchion,
                  | a scroll of teleportation, a +0 robe, a +0 dagger, a
                  | ration, a potion of curing, a potion of heal wounds, a
                  | potion of haste, 2 potions of magic, a potion of berserk
                  | rage, a scroll of blinking; and the following spell
                  | memorised: Foxfire; and the following spells available to
                  | memorise: Inner Flame
     0 | D        | Reached XP level 1. HP: 13/13 MP: 1/1
     1 | D        | Noticed Ijyb
    33 | D        | Killed Ijyb
    33 | D        | Reached skill level 3 in Fighting
    33 | D        | Gained mutation: You are partially covered in slimy green
                  | scales. (AC +2) [demonic ancestry]
    33 | D        | Reached XP level 2. HP: 8/25 MP: 2/2
    52 | D        | Noticed an ogre
    59 | D        | Killed an ogre
    59 | D        | Reached skill level 6 in Fighting
    59 | D        | Reached skill level 5 in Dodging
    59 | D        | Gained mutation: You have a pair of small horns on your
                  | head. [demonic ancestry]
    59 | D        | Reached XP level 3. HP: 19/35 MP: 3/3
    59 | D        | Reached XP level 4. HP: 23/41 MP: 4/4
   240 | D        | Noticed Sigmund
   250 | D        | Killed Sigmund
   250 | D        | Reached skill level 8 in Fighting
   250 | D        | Gained mutation: You are mostly covered in slimy green
                  | scales. (AC +3) [demonic ancestry]
   250 | D        | Reached XP level 5. HP: 43/51 MP: 5/5
   250 | D        | Gained mutation: When hurt, damage is shared between your
                  | health and your magic reserves. [demonic ancestry]
   250 | D        | Reached XP level 6. HP: 48/57 MP: 6/6
   307 | D        | Found a shimmering blue altar of Sif Muna.
   308 | D        | Found an ornate altar of the Wu Jian Council.
   309 | D        | Found a radiant altar of Vehumet.
   317 | D        | Reached skill level 9 in Fighting
   368 | D        | Found Maq Fif's Distillery.
   368 | D        | Found an ancient bone altar of Kikubaaqudgha.
   368 | D        | Found a hazy altar of Hepliaklqana.
   368 | D        | Found a hide-covered altar of Uskayaw.
   368 | D        | Found a basalt altar of Yredelemnul.
   368 | D        | Found an opulent altar of Gozag.
   368 | D        | Found a snail-covered altar of Cheibriados.
   368 | D        | Found a sacrificial altar of Ru.
   368 | D        | Found a shadowy altar of Dithmenos.
   368 | D        | Noticed a yak
   369 | D        | Found a stormy altar of Qazlal.
   369 | D        | Found a blossoming altar of Fedhas.
   369 | D        | Found a bloodstained altar of Trog.
   369 | D        | Found an iron altar of Okawaru.
   369 | D        | Found a glowing golden altar of the Shining One.
   369 | D        | Found a glowing silver altar of Zin.
   369 | D        | Found a white marble altar of Elyvilon.
   385 | D        | Killed a yak
   385 | D        | Reached skill level 10 in Fighting
   386 | D        | Found a sparkling altar of Nemelex Xobeh.
   392 | D        | Became a worshipper of Fedhas Madash
   394 | D        | Bought a potion of heal wounds for 55 gold pieces
   394 | D        | Bought a potion of curing for 33 gold pieces
   394 | D        | Bought a potion of curing for 33 gold pieces
   394 | D        | Bought a potion of lignification for 33 gold pieces
   394 | D        | Bought a potion of ambrosia for 88 gold pieces
   658 | D        | Noticed Sonja
   668 | D        | HP: 2/60 [Sonja/+2 short sword of distortion (2)]
   669 | D        | Slain by Sonja

Illustrated notes

Levels and vault maps discovered:
D:        dungeon_sprint_1 [red_sonja_temple_1, red_sonja_temple_small_1]

Skill      XL: |  1  2  3  4  5  6 |
---------------+-------------------+-----
Fighting       | 3 6 8 10 | 10.2
Dodging        | 3 5 8 9 |  9.4
Long Blades    | |  1.7
Stealth        | |  1.7
Shields        | |  1.0
Ice Magic      | |  4.5

Action                   |  1- 3 |  4- 6 || total
-------------------------+-------+-------++-------
Melee: Falchion          |    34 |    30 ||    64
       Headbutt          |       |     8 ||     8
Throw: Dart              |       |     2 ||     2
Evoke: Wand              |       |     4 ||     4
  Use: Potion            |     3 |     4 ||     7
 Stab: Paralysed         |       |     7 ||     7
Armor: Robe              |     2 |       ||     2
       Leather armour    |       |     6 ||     6
Dodge: Dodged            |    16 |    35 ||    51
       Rpst.: Falchion   |     7 |     5 ||    12
